 Dungeon Crawl Stone Soup version 0.29.1-12-g30fa7ad0bf (webtiles) character file.

Game seed: 11476781050374193187

4398 ChadusMaximus the Fighter (level 10, 0/87 (92) HPs)
             Began as a Minotaur Fighter on Dec 14, 2022.
             Slain by a wight
             ... wielding a +4 morningstar
              (15 damage)
             ... on level 8 of the Dungeon.
             The game lasted 00:07:47 (8672 turns).

ChadusMaximus the Fighter (Minotaur Fighter)        Turns: 8672, Time: 00:07:48

HP:   0/87 (92)     AC: 15    Str: 25    XL:     10   Next: 13%
MP:   9/9           EV: 11    Int:  5    God:
Gold: 497           SH:  6    Dex: 15    Spells: 9/9 levels left

rFire   . . .      SeeInvis .   I - +9 scimitar "Mypnysh" {flame, Dex+5}
rCold   . . .      Faith    .   c - +0 buckler
rNeg    . . .      Spirit   .   C - +0 plate armour
rPois   +          Reflect  .   (helmet restricted)
rElec   .          Harm     .   (no cloak)
rCorr   .          Rampage  .   P - +0 pair of gloves
Will    .....                   (no boots)
Stlth   ..........              (no amulet)
HPRegen 0.24/turn               D - +4 ring of evasion
MPRegen 0.11/turn               J - ring of poison resistance

@: about to teleport, drained
A: horns 2, retaliatory headbutt
a: no special abilities


You were on level 8 of the Dungeon.
You visited 2 branches of the dungeon, and saw 9 of its levels.
You also visited: Sewer and Bailey.

You collected 497 gold pieces.

Inventory:

Hand Weapons
 a - a +0 war axe
 I - the +9 scimitar "Mypnysh" (weapon) {flame, Dex+5}
   (You took it off an orc on level 6 of the Dungeon)

   It burns those it strikes, dealing additional fire damage.
   Big, fiery blades are also staple armaments of hydra-hunters.
   Dex:       It affects your dexterity (+5).
 M - a +0 broad axe
Armour
 c - a +0 buckler (worn)
 C - a +0 plate armour (worn)
 P - a +0 pair of gloves (worn)
Jewellery
 q - an amulet of magic regeneration
 r - an amulet of faith
 D - a +4 ring of evasion (left hand)
 J - a ring of poison resistance (right hand)
 L - a ring of willpower
Wands
 v - a wand of polymorph (7)
 y - a wand of digging (2)
 F - a wand of paralysis (7)
Scrolls
 e - 2 scrolls of poison
 f - 2 scrolls of vulnerability
 k - 4 scrolls of enchant weapon
 l - a scroll of torment
 p - 2 scrolls of enchant armour
 w - 2 scrolls of fear
 A - 2 scrolls of teleportation
 G - a scroll of amnesia
 Q - a scroll of immolation
Potions
 d - 2 potions of might
 g - a potion of magic
 h - 3 potions of curing
 i - 2 potions of berserk rage {unknown}
 j - 3 potions of invisibility {unknown}
 n - a potion of brilliance {unknown}
 o - a potion of ambrosia {unknown}
 s - 3 potions of attraction {unknown}
 t - 3 potions of degeneration {unknown}
 u - 2 potions of resistance {unknown}
 x - 3 potions of cancellation {unknown}
 z - 4 potions of lignification {unknown}
 B - a potion of haste {unknown}
 E - a potion of mutation {unknown}
 H - 3 potions of heal wounds {unknown}
 K - a potion of flight {unknown}


   Skills:
 + Level 9.6 Fighting
 + Level 9.2 Axes
 + Level 9.6 Armour
 + Level 9.6 Shields


You had 9 spell levels left.
You didn't know any spells.
Your spell library contained the following spells:

 Spells                   Type           Power      Damage    Failure   Level
 Beastly Appendage        Tmut           0%         N/A       100%        1
 Blink                    Tloc           0%         N/A       100%        2
 Sublimation of Blood     Necr           0%         N/A       100%        2
 Wereblood                Tmut           0%         N/A       100%        2
 Lesser Beckoning         Tloc           0%         N/A       100%        3
 Airstrike                Air            0%         2d(0-16)  100%        4
 Summon Lightning Spire   Summ/Air       0%         N/A       100%        4
 Lightning Bolt           Conj/Air       0%         1d11      100%        5
 Manifold Assault         Tloc           0%         N/A       100%        5
 Metabolic Englaciation   Hex/Ice        0%         N/A       100%        5
 Statue Form              Tmut/Erth      0%         N/A       100%        6
 Summon Hydra             Summ           0%         N/A       100%        7
 Discord                  Hex            0%         N/A       100%        8


Dungeon Overview and Level Annotations

Branches:
Dungeon (8/15)             Temple (1/1) D:6           Sewer (visited)
 Bailey (visited)
   Lair: D:8-11

Altars:
Ashenzari
Elyvilon
Fedhas
Gozag
Hepliaklqana
Kikubaaqudgha
Nemelex Xobeh
Ru
Sif Muna
Vehumet
Wu Jian
Xom
Zin

Annotations:
D:8 1 runed translucent door, ChadusMaximus's ghost, novice MiFi


Innate Abilities, Weirdness & Mutations

You have a pair of horns on your head.
You reflexively headbutt those who attack you in melee.


Message History

The orc warrior hits you from afar with a +0 halberd!!
The orc misses you. You furiously retaliate!
You headbutt the orc, but do no damage. You hit the orc. You burn the orc.
You kill the orc!
The orc warrior hits you from afar with a +0 halberd.
Unknown command.
You hit the wight. You burn the wight.
The wight is moderately damaged.
The orc warrior hits you but does no damage.
The wight hits you with a +0 falchion. The orc hits you but does no damage.
The orc barely misses you. The orc warrior barely misses you.
The wight misses you. You furiously retaliate!
You headbutt the wight. The wight hits you with a +0 falchion.
You closely miss the wight.
The wight is moderately damaged.
The orc warrior hits you from afar with a +0 halberd.
The orc barely misses you. You furiously retaliate!
You headbutt the orc!
You kill the orc!
The orc hits you but does no damage. The wight barely misses you.
The wight hits you with a +4 morningstar!
You feel drained.
You closely miss the wight. Your headbutt misses the wight.
The wight is moderately damaged.
The orc warrior hits you from afar with a +0 halberd.
You block the wight's attack.
The wight hits you with a +4 morningstar!
The orc hits you with a +0 war axe!
* * * LOW HITPOINT WARNING * * *
The orc warrior misses you. You block the wight's attack.
The orc hits you but does no damage. The wight hits you with a +0 falchion.
* * * LOW HITPOINT WARNING * * *
You feel drained.
As you read the scroll of teleportation, it crumbles to dust.
You feel strangely unstable.
The orc warrior hits you from afar with a +0 halberd.
* * * LOW HITPOINT WARNING * * *
The wight closely misses you. The orc barely misses you.
The wight hits you with a +4 morningstar!
You die...

*,,,,,,,,,,,,,* *,*
*,,∩,,,,,,,,,,* *,* *
*,,,,,,,,,,,,,* *,*
****,,,,,***************** *,*
,,,,,,,,,,,,,,,,,,,,,,,,,* *,*
**,,,,,,**##############,* *,*
,,,,,,,>* #............#,***,*
********* *,#...o......#,*,,,*
***********,#..z@.o.....,*,***
*,,,,,,,,,,,#..z).......,*,*
*,*##########...........**,*
*,*#.....z..............**,*
*,*#.#..............####**,*
#.##.#..##########..# *,*
#.......#.∩...∩3W#..# *,*
####.#..#........#..# *,*
#.#..#$:......+..# *,*


You could see a ynoxinul, an orc warrior, 2 wights, ChadusMaximus's ghost and an
orc.

Vanquished Creatures
  A vault guard (Bailey)
  Prince Ribbit (Bailey)
  A hornet (D:7)
  Eustachio (D:5)
  5 humans (Bailey)
  Duvessa (D:5)
  3 ice beasts
  2 orc warriors (Bailey)
  An ogre (D:7)
  2 phantoms
  12 bullfrogs
  5 scorpions
  Dowan (D:5)
  An orc priest (D:5)
  A hound (D:6)
  3 iguanas
  Ijyb (D:5)
  3 orc wizards (D:5)
  13 adders
  5 gnolls
  4 river rats
  A shadow imp (D:6)
  A white imp (D:5)
  2 worms
  3 dart slugs
  11 orcs
  14 ball pythons
  6 endoplasms
  2 giant cockroaches
  7 goblins
  7 hobgoblins
  2 jackals (D:5)
  3 kobolds
  2 quokkas
  6 bats
  7 frilled lizards
  14 rats
155 creatures vanquished.

Vanquished Creatures (collateral kills)
  An ogre (D:6)
  An adder (D:6)
2 creatures vanquished.

Vanquished Creatures (others)
  An orc wizard (D:5)
  8 plants
9 creatures vanquished.

Grand Total: 166 creatures vanquished

Notes
Turn   | Place    | Note
-------+----------+-------------------------------------------
     0 | D:1      | ChadusMaximus the Minotaur Fighter began the quest for the
                  | Orb.
     0 | D:1      | Reached XP level 1. HP: 19/19 MP: 0/0
   302 | D:1      | Reached XP level 2. HP: 27/27 MP: 1/1
   687 | D:1      | Found a faded altar of an unknown god.
  1153 | D:2      | Reached XP level 3. HP: 33/33 MP: 2/2
  1644 | D:2      | You fall into a shaft and drop 1 floor!
  1756 | D:3      | Reached XP level 4. HP: 32/41 MP: 3/3
  2807 | D:4      | Noticed a scorpion
  2831 | D:4      | Killed a scorpion
  2832 | D:4      | Reached XP level 5. HP: 30/47 MP: 4/4
  3287 | D:4      | Reached skill level 5 in Fighting
  3287 | D:4      | Reached skill level 5 in Armour
  3287 | D:4      | Reached skill level 5 in Shields
  3287 | D:4      | Reached XP level 6. HP: 44/56 MP: 5/5
  3488 | D:4      | Found a white marble altar of Elyvilon.
  3907 | D:5      | Entered Level 5 of the Dungeon
  3910 | D:5      | Noticed an ice beast
  3917 | D:5      | Killed an ice beast
  3942 | D:5      | Noticed Ijyb
  3969 | D:5      | Killed Ijyb
  4150 | D:5      | Noticed an ice beast
  4159 | D:5      | Killed an ice beast
  4160 | D:5      | Reached skill level 5 in Axes
  4160 | D:5      | Reached XP level 7. HP: 52/62 MP: 6/6
  4354 | D:5      | Noticed Duvessa
  4354 | D:5      | Noticed Dowan
  4361 | D:5      | Killed Duvessa
  4368 | D:5      | Killed Dowan
  4685 | D:5      | Noticed Eustachio
  4730 | D:5      | Killed Eustachio
  4731 | D:5      | Reached XP level 8. HP: 34/71 MP: 7/7
  5363 | D:6      | Got the Folio of Forms and Spellbinding
  5382 | D:6      | Found a glowing drain.
  5404 | Sewer    | Entered a sewer
  5805 | D:6      | Found an ornate altar of the Wu Jian Council.
  6116 | D:6      | Identified the +9 scimitar "Mypnysh" {flame, Dex+5}
  6536 | D:6      | Found an opulent altar of Gozag.
  6714 | D:6      | Found a staircase to the Ecumenical Temple.
  7171 | Temple   | Entered the Ecumenical Temple
  7372 | D:7      | Noticed a hornet
  7375 | D:7      | Paralysed by a hornet for 2 turns
  7377 | D:7      | Killed a hornet
  7408 | D:7      | Reached XP level 9. HP: 39/81 MP: 8/8
  7432 | D:7      | Found a flagged portal.
  7465 | Bailey   | Entered a bailey
  7886 | Bailey   | Noticed Prince Ribbit
  7886 | Bailey   | Noticed a vault guard
  7895 | Bailey   | Killed a vault guard
  7896 | Bailey   | Reached XP level 10. HP: 59/91 MP: 9/9
  7899 | Bailey   | Killed Prince Ribbit
  8640 | D:8      | Noticed ChadusMaximus's ghost (novice MiFi)
  8647 | D:8      | Found a runed translucent door.
  8672 | D:8      | Slain by a wight

Illustrated notes

Levels and vault maps discovered:
D:1:      minmay_arrival_four_loops, layout_basic,
          nicolae_ecumenical_snake_handling, nrook_uturn
D:2:      layout_loops_corners
D:3:      layout_loops_ring, serial_bayou, serial_bayou_shore_b,
          serial_bayou_pond_a, serial_bayou_shore_a, serial_bayou_pond_b,
          serial_bayou_pond_b, minmay_puff
D:4:      layout_gridville, mainiacjoe_overflow_24_doors
D:5:      layout_gridville, serial_bayou, serial_bayou_lake_a,
          serial_bayou_pond_d, serial_bayou_pond_d, serial_bayou_crossing,
          minmay_a_box_with_orc_wizards_in_it, uniq_eustachio, uniq_duvessa,
          uniq_ijyb
D:6:      layout_loops_ring, marbit_many_paths, nicolae_wu_jian_wuxing_cycle,
          minmay_temple_entry_poolview, portal_sewer_entry_a, eino_tiny_chamber
D:7:      layout_loops_ring, enter_bailey_6
D:8:      layout_basic, enter_ossuary_1, hellmonk_ghost_big_iron, uniq_grum,
          uniq_prince_ribbit1, uniq_psyche
Temple:   nicolae_temple_two_arcs

Skill      XL: |  1  2  3  4  5  6  7  8  9 |
---------------+----------------------------+-----
Armour         | 4 5 6 7 9 |  9.6
Shields        | 4 5 6 7 9 |  9.6
Fighting       | 4 5 6 8 9 |  9.6
Axes           | 3 4 5 6 7 9 |  9.2

Action                   |  1- 3 |  4- 6 |  7- 9 | 10-12 || total
-------------------------+-------+-------+-------+-------++-------
Melee: War axe           |    66 |   128 |   182 |       ||   376
       Headbutt          |     6 |    15 |    37 |     2 ||    60
       Scimitar          |       |       |    74 |     9 ||    83
  Use: Scroll            |       |       |    11 |     5 ||    16
       Potion            |       |       |     1 |       ||     1
Armor: Scale mail        |    37 |     8 |       |       ||    45
       Chain mail        |       |    82 |    19 |       ||   101
       Plate armour      |       |       |   141 |     5 ||   146
Dodge: Dodged            |    36 |    59 |   117 |    12 ||   224
Block: Buckler           |    16 |    26 |    64 |     3 ||   109
